 Dungeon Crawl Stone Soup version 0.16.1 (webtiles) character file.

11137 Ultraviolent4 the Dealer of Despair (level 11, -11/61 HPs)
             Began as an Octopode Summoner on Mar 26, 2015.
             Was an Elder of Kikubaaqudgha.
             Mangled by an eight-headed hydra (13 damage)
             ... on level 11 of the Dungeon.
             The game lasted 01:28:31 (20481 turns).

Ultraviolent4 the Dealer of Despair (OpSu)         Turns: 20481, Time: 01:28:31

Health: -11/61     AC:  1    Str:  7    XL:     11   Next: 73%
Magic:  29/35      EV: 16    Int: 27    God:    Kikubaaqudgha [****..]
Gold:   427        SH:  6    Dex: 12    Spells: 6 memorised, 4 levels left

rFire  . . .     SeeInvis .     V - +1 trident (venom)
rCold  + + .     Clarity  .     m - +0 buckler
rNeg   + . .     SustAb   .     (helmet restricted)
rPois  +         Gourm    .     U - amulet of warding
rElec  .         Spirit   .     r - +5 ring of intelligence
rCorr  .         Warding  +     l - ring of loudness (curse)
rMut   .         Stasis   .     a - ring of protection from cold
MR     +....                    I - ring of protection from magic
Stlth  ++........               L - ring of teleport control
                                F - ring of magical power
                                k - ring of poison resistance
                                (no ring)

@: somewhat resistant to hostile enchantments, unstealthy
A: almost no armour, amphibious, 8 rings, constrict 8, tentacle spike 1,
camouflage 1, cold resistance 1, deformed body, gelatinous body 1
a: Receive Corpses, Renounce Religion, Evoke Teleport Control


You were on level 11 of the Dungeon.
You worshipped Kikubaaqudgha.
Kikubaaqudgha was greatly pleased with you.
You were hungry.

You visited 3 branches of the dungeon, and saw 15 of its levels.

You collected 626 gold pieces.
You spent 199 gold pieces at shops.

Inventory:

Hand weapons
 V - a +1 trident of venom (weapon)
Armour
 m - a +0 buckler (worn)
Jewellery
 a - a ring of protection from cold (on tentacle)
 j - an uncursed amulet of resist corrosion
 k - a ring of poison resistance (on tentacle)
 l - a cursed ring of loudness (right tentacle)
 r - a +5 ring of intelligence (left tentacle)
 F - a ring of magical power (on tentacle)
 I - a ring of protection from magic (on tentacle)
 L - a ring of teleport control (on tentacle)
 U - an amulet of warding (around mantle)
Magical devices
 t - a wand of lightning (9)
 v - a wand of slowing (4)
 y - a wand of slowing (31)
 H - a wand of fire (5)
 M - a wand of polymorph (7)
 N - a wand of slowing (37)
 P - a wand of cold (0)
 Q - a wand of polymorph (16)
 S - a wand of lightning (5)
Scrolls
 e - a scroll of fog
 q - a scroll of enchant weapon
 A - a scroll of summoning
Potions
 d - a potion of cancellation
 f - a potion of lignification
 g - 2 potions of restore abilities
 h - 3 potions of haste
 i - 2 potions of resistance
 n - a potion of invisibility
 o - a potion of magic
 s - 2 potions of cure mutation
 x - 2 potions of flight
 B - 3 potions of might
 O - a potion of brilliance
 T - a potion of agility
Books
 b - a book of Callings

   Spells                             Type                      Level
   a - Summon Small Mammal            Summoning                    1
   b - Call Imp                       Summoning                    2
   c - Call Canine Familiar           Summoning                    3
   d - Summon Guardian Golem          Hexes/Summoning              4
   e - Summon Lightning Spire         Summoning/Air                4
   f - Summon Ice Beast               Ice/Summoning                4
 u - a book of Power

   Spells                             Type                      Level
   a - Fulminant Prism                Conjuration/Hexes            4
   b - Iskenderun's Mystic Blast      Conjuration                  4
   c - Venom Bolt                     Conjuration/Poison           5
   d - Bolt of Magma                  Conjuration/Fire/Earth       5
   e - Iron Shot                      Conjuration/Earth            6
   f - Orb of Destruction             Conjuration                  7
   g - Spellforged Servitor           Conjuration/Summoning        7
 G - Kikubaaqudgha's Incunabulum of Black Magic
   (Kikubaaqudgha gifted it to you on level 6 of the Dungeon)

   Spells                             Type                      Level
   a - Animate Skeleton               Necromancy                   1
   b - Corpse Rot                     Necromancy                   2
   c - Sublimation of Blood           Necromancy                   2
   d - Vampiric Draining              Necromancy                   3
   e - Control Undead                 Necromancy                   4
 R - Kikubaaqudgha's Papyrus of Dark Arts
   (Kikubaaqudgha gifted it to you on level 10 of the Dungeon)

   Spells                             Type                      Level
   a - Excruciating Wounds            Charms/Necromancy            5
   b - Bolt of Draining               Conjuration/Necromancy       5
   c - Cigotuvi's Embrace             Necromancy                   5
   d - Dispel Undead                  Necromancy                   5
   e - Death Channel                  Necromancy                   6
Comestibles
 c - 8 bread rations
 p - a beef jerky
 w - a slice of pizza


   Skills:
 + Level 6.9 Polearms
 + Level 8.1 Dodging
 - Level 2.6 Stealth
 + Level 7.6 Shields
 + Level 7.4 Spellcasting
 - Level 6.3 Summonings
 * Level 9.0 Necromancy


You had 4 spell levels left.
You knew the following spells:

 Your Spells              Type           Power        Failure   Level  Hunger
a - Animate Skeleton      Necr           N/A          1%          1    None
b - Dispel Undead         Necr           ######..     4%          5    ####...
c - Call Canine Familiar  Summ           #####...     1%          3    None
d - Death Channel         Necr           ######....   24%         6    ######.
e - Call Imp              Summ           #####...     1%          2    None
q - Vampiric Draining     Necr           ######....   1%          3    None


Dungeon Overview and Level Annotations

Branches:
Dungeon (12/15)            Temple (1/1) D:5            Lair (2/8) D:11
    Orc: D:9-12

Altars:
Ashenzari
Cheibriados
Dithmenos
Elyvilon
Fedhas
Gozag
Kikubaaqudgha
Makhleb
Nemelex Xobeh
Okawaru
Qazlal
Ru
Sif Muna
Trog
Vehumet
Xom
Yredelemnul
Zin
The Shining One

Shops:
D:5 !   D:6 :!   D:9 !

Annotations:
D:4 DCMalleus' ghost, average KoAr
D:8 hungryneko's ghost, experienced TrFE


Innate Abilities, Weirdness & Mutations

You cannot wear most types of armour.
You are amphibious.
You can wear up to eight rings at the same time.
You can use your tentacles to constrict many enemies at once.
Your skin changes colour to match your surroundings (Stealth).
Your rubbery body absorbs attacks (AC +1).
One of your tentacles bears a spike.
Your flesh is cold resistant.
Your body is misshapen.


Message History

* * * LOW HITPOINT WARNING * * *
The eight-headed hydra misses you.
The eight-headed hydra closely misses you.
Read which item? (? for menu, Esc to quit)
Okay, then.
Drink which item? (? for menu, Esc to quit)
Okay, then.
Read which item? (? for menu, Esc to quit)
Okay, then.
Drink which item? (? for menu, Esc to quit)
Okay, then.
Use which ability? (? or * to list)
Okay, then.
Drink which item? (? for menu, Esc to quit)
Okay, then.
Read which item? (? for menu, Esc to quit)
Okay, then.
The eight-headed hydra bites you!
You die...
Kikubaaqudgha rasps: "You have failed me!
Welcome... death!"

#. #..#.......############
#.. #.>.....)..[)..........
.. #..#..#.#..######......
##.##.#..#..#.#..# #......
#........#..#.#..######......
#####)##.#..#.#....(.........
...O..#..#.#.##########...
#.## #.#.D#.#.#......###... #
#.O..@................
######.#.#.####.#..... .#
#.#.###. .# ###.#.###. .#
#......... .. #####.#### ..
#.# # .. #.#### . #.....


You could see an eight-headed hydra and an ogre.

Vanquished Creatures
  2 hill giants (D:10)
  A spiny frog (Lair:1)
  A troll (D:10)
  A basilisk (D:8)
  A wyvern (D:9)
  A steam dragon (D:7)
  14 yaks
  2 wolves (Lair:1)
  A human (D:7)
  3 water moccasins
  2 orc warriors (D:10)
  An eye of draining (D:8)
  An ice beast (D:6)
  A phantom (D:11)
  A black bear (D:8)
  A wasp (D:7)
  An ogre (D:6)
  A centaur (D:9)
  6 giant frogs
  3 scorpions
  A wight (D:7)
  3 crimson imps
  A centaur zombie (D:10)
  An orc priest (D:11)
  A jelly (D:5)
  A hound (D:7)
  2 giant frog skeletons
  3 worker ants
  4 iguanas
  Natasha (twice) (D:4)
  4 orc wizards
  4 sheep (D:7)
  A hound zombie (D:5)
  A mummy (D:12)
  2 worker ant zombies
  9 adders
  A shadow imp (D:10)
  A giant mite (D:3)
  A worm (D:2)
  An adder zombie (D:5)
  An adder skeleton (D:4)
  4 giant geckos
  An ooze (D:1)
  23 orcs
  8 bats
  A bat skeleton (D:4)
  A giant cockroach (D:8)
  16 hobgoblins
  11 jackals
  2 quokkas
  3 ball pythons
  2 giant newts
  8 goblins
  A jackal skeleton (D:4)
  14 kobolds
  A quokka skeleton (D:7)
  A quokka zombie (D:9)
  14 rats
  A ballistomycete (D:10)
202 creatures vanquished.

Vanquished Creatures (collateral kills)
  A hydra (Lair:1)
  A hill giant (D:10)
  A wolf spider zombie (D:10)
  Maurice (D:8)
  A gargoyle (D:10)
  3 spiny frogs (Lair:1)
  A komodo dragon (Lair:2)
  A troll (D:11)
  A basilisk (Lair:1)
  16 yaks
  A steam dragon (D:10)
  3 wolves (Lair:1)
  3 water moccasins
  A porcupine (Lair:2)
  2 orc warriors
  3 phantoms
  2 black bears
  4 ogres
  Sigmund (D:3)
  A crocodile (D:9)
  2 giant frogs
  4 centaurs
  A gnoll sergeant (D:10)
  A scorpion (D:4)
  A water moccasin skeleton (D:5)
  2 wights (D:7)
  A jelly (D:10)
  A goliath beetle (D:7)
  Crazy Yiuf (D:7)
  4 iguanas
  5 orc wizards
  2 centaur skeletons
  3 orc priests
  4 worker ants
  4 gnolls (D:10)
  4 adders
  Natasha (D:4)
  A shadow imp (D:7)
  A giant gecko (D:9)
  An ooze (D:4)
  13 orcs
  A bat (D:5)
  4 hobgoblins
  2 jackals
  4 quokkas
  A giant cockroach (D:7)
  A giant newt (D:5)
  A goblin (D:4)
  3 kobolds
  A rat (D:7)
123 creatures vanquished.

Vanquished Creatures (others)
  28 wolves
  A hill giant skeleton (D:10)
  3 spiny frog skeletons (Lair:1)
  4 water moccasin skeletons
  7 yak skeletons
  A wolf skeleton (Lair:1)
  28 crimson imps
  3 giant frog skeletons
  A centaur skeleton (D:9)
  33 hounds
  An iron imp (D:9)
  A hound skeleton (D:7)
  10 shadow imps
  21 white imps
  A gnoll skeleton (D:7)
  2 iguana skeletons (Lair:1)
  3 orcs (D:10)
  A giant gecko skeleton (D:9)
  A giant spore (D:10)
  A goblin skeleton (D:7)
  6 hobgoblin skeletons
  15 orc skeletons
  2 quokka skeletons
  A rat skeleton (D:7)
175 creatures vanquished.

Grand Total: 500 creatures vanquished

Notes
Turn   | Place    | Note
--------------------------------------------------------------
     0 | D:1      | Ultraviolent4, the Octopode Summoner, began the quest for the Orb.
     0 | D:1      | Reached XP level 1. HP: 11/11 MP: 3/3
   539 | D:1      | Reached XP level 2. HP: 17/17 MP: 4/4
   551 | D:1      | Learned a level 2 spell: Call Imp
  1228 | D:2      | Reached XP level 3. HP: 18/21 MP: 0/6
  1405 | D:2      | Reached skill level 1 in Polearms
  2218 | D:3      | Learned a level 3 spell: Call Canine Familiar
  2230 | D:3      | Reached XP level 4. HP: 11/27 MP: 4/7
  2493 | D:3      | Found a white marble altar of Elyvilon.
  2534 | D:3      | Found an opulent altar of Gozag.
  2668 | D:3      | Noticed Sigmund
  2736 | D:4      | Noticed Natasha
  2747 | D:4      | Killed Natasha
  2772 | D:4      | Noticed Natasha
  2780 | D:4      | Killed Natasha
  2780 | D:4      | Reached skill level 5 in Summonings
  2788 | D:4      | Reached skill level 1 in Shields
  2788 | D:4      | Reached XP level 5. HP: 20/31 MP: 3/9
  3086 | D:4      | Noticed a giant frog
  3094 | D:4      | Killed a giant frog
  3177 | D:4      | Noticed Natasha
  3183 | D:4      | Killed Natasha
  3536 | D:4      | Reached XP level 6. HP: 36/36 MP: 7/11
  4362 | D:4      | Noticed DCMalleus' ghost (average KoAr)
  4806 | D:3      | Killed Sigmund
  5044 | D:3      | Found a sacrificial altar of Ru.
  5358 | D:5      | Entered Level 5 of the Dungeon
  5484 | D:5      | Reached XP level 7. HP: 41/41 MP: 14/14
  5486 | D:5      | Reached skill level 6 in Summonings
  6341 | D:5      | HP: 2/41 [ogre/giant club (23)]
  6365 | D:5      | HP: 2/41 [quokka (4)]
  6890 | D:5      | Found Tanotsyr's Distillery.
  6901 | D:5      | Bought a potion of heal wounds for 60 gold pieces
  6901 | D:5      | Bought a potion of might for 48 gold pieces
  6901 | D:5      | Bought a potion of curing for 36 gold pieces
  7210 | D:5      | Found a staircase to the Ecumenical Temple.
  7216 | Temple   | Entered the Ecumenical Temple
  7280 | Temple   | Became a worshipper of Kikubaaqudgha
  7723 | D:6      | Found a shattered altar of Ashenzari.
  7723 | D:6      | Found a snail-covered altar of Cheibriados.
  7771 | D:6      | Reached XP level 8. HP: 31/46 MP: 13/17
  8089 | D:6      | Found Itohuax's Distillery.
  8199 | D:6      | Bought a potion of heal wounds for 55 gold pieces
  8824 | D:6      | Found Vuwideoh's Book Shoppe.
  8831 | D:6      | Acquired Kikubaaqudgha's first power
  8831 | D:6      | Received a gift from Kikubaaqudgha
  8841 | D:6      | Identified Kikubaaqudgha's Incunabulum of Black Magic (Kikubaaqudgha gifted it to you on level 6 of the Dungeon)
  8844 | D:6      | Learned a level 1 spell: Animate Skeleton
  9081 | D:6      | Learned a level 3 spell: Vampiric Draining
  9153 | D:7      | Reached skill level 5 in Dodging
  9153 | D:7      | Reached skill level 1 in Necromancy
  9699 | D:7      | Reached XP level 9. HP: 51/51 MP: 15/20
  9944 | D:7      | Gained mutation: You expend magic power (3 MP) to slightly strengthen your wands. [potion of mutation]
  9944 | D:7      | Gained mutation: You evolve. [potion of mutation]
  9944 | D:7      | Gained mutation: You are surrounded by a mild repulsion field (EV +2). [potion of mutation]
 10073 | D:7      | Noticed Crazy Yiuf
 10082 | D:7      | Killed Crazy Yiuf
 10698 | D:7      | Reached skill level 5 in Spellcasting
 11315 | D:8      | Noticed Maurice
 11363 | D:7      | Your ally Crazy Yiuf died
 11619 | D:8      | Reached skill level 5 in Shields
 12084 | D:8      | Gained mutation: One of your tentacles bears a spike. [evolution]
 12096 | D:8      | Acquired Kikubaaqudgha's second power
 12196 | D:8      | Noticed hungryneko's ghost (experienced TrFE)
 12364 | D:8      | Killed Maurice
 12768 | D:9      | Reached skill level 5 in Necromancy
 12835 | D:9      | Reached skill level 5 in Polearms
 12917 | D:9      | Found Ypaom's Distillery.
 12944 | D:9      | Reached XP level 10. HP: 30/56 MP: 7/23
 13543 | D:9      | Lost mutation: You expend magic power (3 MP) to slightly strengthen your wands. [evolution]
 13726 | D:9      | Found a radiant altar of Vehumet.
 14069 | D:10     | Entered Level 10 of the Dungeon
 14872 | D:10     | Noticed a hill giant
 14883 | D:10     | Killed a hill giant
 14977 | D:10     | Noticed a hill giant
 15008 | D:10     | Killed a hill giant
 15710 | D:10     | Reached skill level 7 in Dodging
 16350 | D:10     | Lost mutation: You are surrounded by a mild repulsion field (EV +2). [evolution]
 16456 | D:10     | Noticed a hill giant
 16466 | D:10     | Killed a hill giant
 17056 | D:10     | Received a gift from Kikubaaqudgha
 17057 | D:10     | Identified Kikubaaqudgha's Papyrus of Dark Arts (Kikubaaqudgha gifted it to you on level 10 of the Dungeon)
 17090 | D:10     | Learned a level 6 spell: Death Channel
 17106 | D:11     | Reached XP level 11. HP: 61/61 MP: 25/25
 17558 | D:11     | Found a staircase to the Lair.
 17583 | Lair:1   | Entered Level 1 of the Lair of Beasts
 18249 | Lair:1   | Reached skill level 8 in Necromancy
 19406 | Lair:1   | Noticed a six-headed hydra
 19418 | Lair:1   | Killed a six-headed hydra
 19824 | Lair:2   | Reached skill level 9 in Necromancy
 19971 | D:11     | Lost mutation: You evolve. [potion of mutation]
 19971 | D:11     | Gained mutation: Your body is misshapen. [potion of mutation]
 19971 | D:11     | Gained mutation: Your flesh is cold resistant. [potion of mutation]
 20031 | D:11     | Acquired Kikubaaqudgha's third power
 20447 | D:12     | Learned a level 5 spell: Dispel Undead
 20449 | D:12     | Noticed an eight-headed hydra
 20479 | D:11     | HP: 2/61 [eight-headed hydra (15)]
 20481 | D:11     | Mangled by an eight-headed hydra

Action                   |  1- 3 |  4- 6 |  7- 9 | 10-12 || total
-------------------------+-------+-------+-------+-------++-------
Melee: Unarmed           |    15 |       |       |       ||    15
       Spear             |    87 |   138 |   396 |   154 ||   775
       Trident           |       |       |       |   140 ||   140
 Cast: Call Imp          |     4 |    30 |    61 |    53 ||   148
       Call Canine Famil |       |    15 |    32 |    66 ||   113
       Animate Skeleton  |       |       |    23 |    41 ||    64
       Vampiric Draining |       |       |    23 |    54 ||    77
       Dispel Undead     |       |       |       |     1 ||     1
  Use: Scroll            |    10 |     3 |     7 |    11 ||    31
       Potion            |       |     3 |     6 |     5 ||    14
 Stab: Sleeping          |     9 |     7 |    10 |     2 ||    28
       Distracted        |       |     2 |     2 |     5 ||     9
  Eat: Chunk             |     4 |     6 |    21 |    16 ||    47
       Bread ration      |       |     1 |       |     1 ||     2
       Fruit             |       |     3 |       |     1 ||     4
       Meat ration       |       |       |     1 |       ||     1
       Royal jelly       |       |       |       |     1 ||     1
